 Dungeon Crawl Stone Soup version 0.31-a0-196-g86fe4a5e66 (webtiles) character file.

Game seed: 7088332086192760535

144 qw the Skirmisher (level 5, -1/29 HPs)
             Began as a Deep Elf Hunter on June 24, 2023.
             Slain by Sigmund
             ... wielding a +0 scythe
              (7 damage)
             ... on level 3 of the Dungeon.
             The game lasted 00:00:54 (2019 turns).

qw the Skirmisher (Deep Elf Hunter)                 Turns: 2019, Time: 00:00:54

Health: -1/29      AC:  5    Str: 10    XL:     5   Next: 5%
Magic:  7/7        EV: 11    Int: 14    God:
Gold:   176        SH:  0    Dex: 18    Spells: 4/4 levels left

rFire   . . .        Y - +0 shortbow
rCold   . . .        (shield currently unavailable)
rNeg    . . .        e - +0 ring mail
rPois   .            (no helmet)
rElec   .            (no cloak)
rCorr   .            (no gloves)
SInv    .            (no boots)
Will    .....        d - amulet of the acrobat
Stlth   +            (no ring)
HPRegen 0.24/turn    (no ring)
MPRegen 0.10/turn

%: acrobat
@: no status effects
A: no striking features
a: no special abilities


You were on level 3 of the Dungeon.
You visited 1 branch of the dungeon, and saw 3 of its levels.

You collected 176 gold pieces.


   Skills:
 - Level 1.5 Fighting
 + Level 8.4 Ranged Weapons
 - Level 2.4 Dodging
 - Level 1.2 Stealth


You had 4 spell levels left.
You didn't know any spells.
Your spell library was empty.

Inventory:

Hand Weapons
 Y - a +0 shortbow (weapon)
Armour
 e - a +0 ring mail (worn)
Jewellery
 c - a +6 ring of intelligence
 d - an amulet of the acrobat (around neck)
 f - an amulet of faith
Scrolls
 b - 2 scrolls of amnesia {unknown}
Potions
 a - a potion of brilliance {unknown}
 g - a potion of mutation {unknown}
 h - a potion of enlightenment {unknown}

Dungeon Overview and Level Annotations

Branches:
Dungeon (3/15)

Altars:
Qazlal

Shops:
D:1 ?

Annotations:
D:2 1 runed translucent door, Crazy Yiuf
D:3 2 transporters, Sigmund


Message History

You shoot an arrow. The arrow hits Sigmund!
Sigmund shouts!
Sigmund is moderately wounded.
You shoot an arrow. The arrow barely misses Sigmund.
Sigmund casts a spell.
Sigmund flickers and vanishes!
Deactivating autopickup; reactivate with Ctrl-A.
You shoot an arrow.
You hear some strange, mumbled words.
You are confused.
You shoot an arrow.
You hear some strange, mumbled words.
Something tries to affect you, but you resist.
You shoot an arrow. You shoot an arrow. You shoot an arrow. You shoot an arrow.
You shoot an arrow.
You feel less confused.
You shoot an arrow. You shoot an arrow.
You hear some strange, mumbled words.
You are confused.
You shoot an arrow. Something hits you.
You shoot an arrow. Something hits you!
You shoot an arrow. You shoot an arrow. Something hits you!
You shoot an arrow.
You hear some strange, mumbled words.
A puff of flame appears from out of thin air!
The puff of flame misses you.
You shoot an arrow.
You feel less confused. Something hits you.
You shoot an arrow. Something hits you!
You die...

#..... ###### .
#)....#.....# #..
.##.....#.....# ...
.........#.....# ...
.........#.....# ...
.........#.....#####
...
#........#{........#
... .....#...@#+####
#.# ...
.......(..#....###.#
...
^%.%..%...+.......>#
.##
#######...#.....##.#
.# .. #..........#.#
.# ..
#........#.#.#######
.#
#..........#.#......
.#
#..#.#.#.#.#.#.#####
.# #....#.#.#.#.#.#
#


There were no monsters in sight!

Vanquished Creatures
  Natasha (twice) (D:3)
  Terence (D:2)
  An adder (D:3)
  6 endoplasms
  3 giant cockroaches (D:1)
  3 goblins
  5 hobgoblins
  5 jackals (D:3)
  11 kobolds
  3 quokkas
  5 ball pythons
  5 bats (D:1)
  4 frilled lizards
  6 rats
60 creatures vanquished.

Notes
Turn   | Place    | Note
-------+----------+-------------------------------------------
     0 | D:1      | qw the Deep Elf Hunter began the quest for the Orb.
     0 | D:1      | Reached XP level 1. HP: 12/12 MP: 3/3
     0 | D:1      | 0 ||| qw: Version: 0.3-a-9-g12657ce
     0 | D:1      | 0 ||| qw: Game counter: 4811
     0 | D:1      | 0 ||| qw: Always use a shield: true
     0 | D:1      | 0 ||| qw: God list: Okawaru
     0 | D:1      | 0 ||| qw: Allow faded altars: false
     0 | D:1      | 0 ||| qw: Do Orc after D:15 true
     0 | D:1      | 0 ||| qw: Do second Lair branch before Depths: true
     0 | D:1      | 0 ||| qw: Lair rune preference: random
     0 | D:1      | 0 ||| qw: Plans: Normal
     0 | D:1      | 0 ||| PLANNING D:1-11
    52 | D:1      | Found Imegukuxt's Magic Scroll Boutique.
    67 | D:1      | 67 ||| SHOPLISTING 3 scrolls of identify (84 gold, have 0).
    67 | D:1      | 67 ||| SHOPLISTING scroll of acquirement (728 gold, have
                  | 0).
    67 | D:1      | 67 ||| SHOPLISTING scroll of enchant armour (105 gold, have
                  | 0).
    67 | D:1      | 67 ||| SHOPLISTING scroll of teleportation (42 gold, have
                  | 0).
   103 | D:1      | Reached skill level 6 in Ranged Weapons
   103 | D:1      | Reached XP level 2. HP: 16/16 MP: 4/4
   448 | D:1      | Reached XP level 3. HP: 15/17 MP: 5/5
   681 | D:1      | 681 ||| UPGRADING to +0 ring mail.
   691 | D:1      | 691 ||| DROPPING +0 leather armour.
   692 | D:1      | 692 ||| UPGRADING to amulet of the acrobat.
   697 | D:1      | 697 ||| READING scroll labelled AJEERH KESIE.
   698 | D:1      | 698 ||| READING scroll labelled OMIGYGUALE.
   699 | D:1      | 699 ||| DROPPING scroll of butterflies.
   868 | D:2      | Found a runed translucent door.
   869 | D:2      | Noticed Crazy Yiuf
  1071 | D:2      | Reached skill level 7 in Ranged Weapons
  1149 | D:2      | Noticed Terence
  1153 | D:2      | Killed Terence
  1154 | D:2      | Reached XP level 4. HP: 25/25 MP: 6/6
  1273 | D:2      | 1273 ||| READING scroll labelled QEHE RUXIMYTU.
  1274 | D:2      | 1274 ||| READING scroll labelled FYKAAXE ZYOMOA.
  1275 | D:2      | 1275 ||| DRINKING 2 smoky blue potions.
  1276 | D:2      | 1276 ||| DROPPING potion of attraction.
  1278 | D:2      | 1278 ||| Stepping ~*~*~tactically~*~*~ (cloud).
  1285 | D:2      | HP: 6/25 [poisoned by you (poison gas)]
  1550 | D:3      | Found a stormy altar of Qazlal.
  1557 | D:3      | Noticed Natasha
  1566 | D:3      | HP: 6/25 [Natasha/magic dart (5)]
  1569 | D:3      | Killed Natasha
  1685 | D:3      | Noticed Natasha
  1693 | D:3      | Killed Natasha
  1694 | D:3      | Reached skill level 8 in Ranged Weapons
  1877 | D:3      | Found a transporter.
  1905 | D:3      | Reached XP level 5. HP: 29/29 MP: 7/7
  1984 | D:3      | Found a transporter.
  2001 | D:3      | Noticed Sigmund
  2018 | D:3      | HP: 6/29 [something (4)]
  2019 | D:3      | Slain by Sigmund

Levels and vault maps discovered:
D:1:      pf_arrival_petrified_forest, layout_loops_ring, serial_shops, shop,
          serial_park_tiny_2
D:2:      layout_rooms, uniq_crazy_yiuf_cottage, uniq_terence
D:3:      layout_basic, lemuel_round_altar, general_overflow_altar,
          gammafunk_ghost_mausoleum, grunt_decor_junction,
          kennysheep_generic_room_16, uniq_natasha, uniq_sigmund

Skill      XL: |  1  2  3  4 |
---------------+-------------+-----
Ranged Weapons | 6 7 8 |  8.4
Fighting       | |  1.5
Dodging        | |  2.4
Stealth        | |  1.2

Action                     |  1- 3 |  4- 6 || total
---------------------------+-------+-------++-------
   Fire: Shortbow          |   104 |    77 ||   181
    Use: Scroll            |     2 |     2 ||     4
         Potion            |       |     1 ||     1
 Armour: Leather armour    |     5 |       ||     5
         Ring mail         |     9 |     7 ||    16
  Dodge: Dodged            |    14 |    10 ||    24

Table legend:
 A = Non-vault XP
 B = Vault XP
 C = Vault XP percentage of total XP
 D = Non-vault monster count
 E = Vault monster count
 F = Vault count percentage of total count
                 A         B        C        D         E       F
            +---------+---------+-------+---------+---------+-------
      Total |     138 |      69 |  33.3 |      57 |       3 |   5.0
            +---------+---------+-------+---------+---------+-------
        D:1 |      44 |       0 |   0.0 |      29 |       0 |   0.0
        D:2 |      22 |      32 |  59.3 |      14 |       1 |   6.7
        D:3 |      72 |      37 |  33.9 |      14 |       2 |  12.5
            +---------+---------+-------+---------+---------+-------
